 Dungeon Crawl Stone Soup version 0.27.1-33-g824d729ab1 (webtiles) character file.

Game seed: 6282481021246867776

205 pkoi the Ruffian (level 5, -2/41 HPs)
             Began as a Draconian Gladiator on Nov 30, 2021.
             Slain by a yak (4 damage)
             ... on level 3 of the Dungeon.
             The game lasted 00:04:28 (3364 turns).

pkoi the Ruffian (Draconian Gladiator)              Turns: 3364, Time: 00:04:29

Health: -2/41      AC:  5    Str: 17    XL:     5   Next: 52%
Magic:  5/5        EV: 12    Int:  9    God:
Gold:   161        SH:  0    Dex: 12    Spells: 4/4 levels left

rFire    + . .     SeeInvis .     - Unarmed
rCold    . . .     Faith    .   (no shield)
rNeg     . . .     Spirit   .   (armour unavailable)
rPois    .         Reflect  .   a - +0 hat
rElec    .         Harm     .   (no cloak)
rCorr    .         Rampage  .   (no gloves)
Will     .....                  (no boots)
Stlth    +.........             f - amulet of magic regeneration
HPRegen  0.13/turn              e - ring of protection from fire
MPRegen  0.34/turn              (no ring)

@: no status effects
A: AC +5, unfitting armour, cold-blooded
a: no special abilities


You were on level 3 of the Dungeon.
You visited 1 branch of the dungeon, and saw 4 of its levels.

You collected 161 gold pieces.

Inventory:

Hand Weapons
 d - a +0 long sword
Missiles
 b - 3 throwing nets (quivered)
Armour
 a - a +0 hat (worn)
Jewellery
 e - a ring of protection from fire (left hand)
 f - an amulet of magic regeneration (around neck)
Scrolls
 c - 2 scrolls of identify
 g - a scroll of acquirement {unknown}
 h - a scroll of immolation {unknown}
 i - a scroll of magic mapping {unknown}
 j - a scroll of teleportation
Potions
 k - a potion of attraction {unknown}


   Skills:
 - Level 2.1 Fighting
 - Level 1.7 Throwing
 - Level 2.6 Dodging
 + Level 6.3 Unarmed Combat


You had 4 spell levels left.
You didn't know any spells.
Your spell library was empty.

Dungeon Overview and Level Annotations

Branches:
Dungeon (4/15)
 Temple: D:4-7

Altars:
Ashenzari


Innate Abilities, Weirdness & Mutations

Your plain brown scales are hard. (AC +5)
You cannot fit into any form of body armour.
You are cold-blooded and may be slowed by cold attacks.


Message History

HP restored.
You start waiting.
Done waiting.
There is a stone staircase leading down, spattered with blood here.
You climb downwards.
The gnoll hits you with a +0 club! The yak barely misses you.
A yak comes into view.
The orc hits you with a +0 mace. The gnoll hits you with a +0 flail.
The gnoll barely misses you.
There is a stone staircase leading up here.
Unknown command.
The yak gores you!
* * * LOW HITPOINT WARNING * * *
The orc barely misses you. The gnoll hits you but does no damage.
The gnoll closely misses you.
You climb upwards.
There is a stone staircase leading down, spattered with blood here.
Unknown command.
Unknown command.
You punch the gnoll!
The gnoll is almost dead.
The yak gores you!
* * * LOW HITPOINT WARNING * * *
The gnoll barely misses you. The gnoll hits you but does no damage.
You punch the gnoll!
You kill the gnoll!
The yak misses you. The gnoll closely misses you.
You punch the orc!
You kill the orc!
The yak closely misses you. The gnoll hits you with a +0 club.
* * * LOW HITPOINT WARNING * * *
Unknown command.
The gnoll hits you with a +0 club.
* * * LOW HITPOINT WARNING * * *
Things that are here:
a +0 mace; a +0 flail; an orc corpse
Okay, then.
Unknown command.
The yak gores you.
You die...

##)####.###.........#
#.....#.# ##.# #.#
#..######.#####.##....#
##.## #.#
#..##.................#
##..#
#.###..##.###.#####.##...##
###.# #.........###.#
#.###.#.. # #.#
#.#...........# #.# #<#.#
###>###.#.#.####.#..# #.#
#.#.# ........#.#.# #.#..#
#.# #.#.# ###.#####.#.#
#@#..# #.# #.#.#
#.####....####Y#..# #.#
#.#.# #.............g...#
#.# #.#.#
######...####..#.##
#.###.#.# ##.## #..#.##
#.......# #.#
#.....#####.###.### #.#
##...#.......# #....
#>####......#####.# #####
#.)........## #.#


You could see a yak and a gnoll.

Vanquished Creatures
  A centaur zombie (D:3)
  An iguana (D:3)
  Natasha (twice) (D:2 D:1)
  2 adders
  A gnoll (D:3)
  A worm (D:2)
  2 dart slugs
  An orc (D:3)
  A bat (D:1)
  11 endoplasms
  3 giant cockroaches
  4 goblins
  3 hobgoblins
  6 jackals
  2 quokkas
  5 ball pythons
  10 frilled lizards
  4 kobolds
  3 rats (D:1)
63 creatures vanquished.

Vanquished Creatures (others)
  7 plants (D:2)
7 creatures vanquished.

Grand Total: 70 creatures vanquished

Notes
Turn   | Place    | Note
-------+----------+-------------------------------------------
     0 | D:1      | pkoi the Draconian Gladiator began the quest for the Orb.
     0 | D:1      | Reached XP level 1. HP: 17/17 MP: 1/1
   239 | D:1      | Reached XP level 2. HP: 24/24 MP: 2/2
   494 | D:1      | Reached skill level 4 in Unarmed Combat
   551 | D:1      | Found a faded altar of an unknown god.
  1084 | D:2      | Reached XP level 3. HP: 28/29 MP: 3/3
  1361 | D:2      | Noticed Natasha
  1592 | D:2      | Killed Natasha
  1593 | D:2      | Reached skill level 5 in Unarmed Combat
  1593 | D:2      | Reached XP level 4. HP: 18/36 MP: 4/4
  1937 | D:2      | You fall into a shaft and drop 2 floors!
  1937 | D:4      | Noticed a yak
  1937 | D:4      | Noticed a yak
  1937 | D:4      | Noticed a yak
  1937 | D:4      | Noticed a yak
  2114 | D:2      | Noticed Natasha
  2172 | D:1      | Killed Natasha
  2489 | D:3      | Reached XP level 5. HP: 36/41 MP: 5/5
  2608 | D:3      | Found a broken altar of Ashenzari.
  2682 | D:3      | Reached skill level 6 in Unarmed Combat
  3347 | D:4      | Noticed a yak
  3353 | D:3      | HP: 1/41 [gnoll (3)]
  3364 | D:3      | Slain by a yak

Illustrated notes

Levels and vault maps discovered:
D:1:      nzn_arrival_crosshair, layout_loops_ring,
          hellmonk_ecumenical_altar_crossroads, chequers_serial_rivers_small_3,
          minivault_25, minmay_misc_feat_five, skrybe_limestone_x
D:2:      layout_rooms, minmay_lizard_king, uniq_natasha
D:3:      layout_loops_ring, mainiacjoe_overflow_surrounded_room
D:4:      layout_loops_cross, lemuel_temple_firewalk_b, solitary_fountain

Skill      XL: |  1  2  3  4  5 |
---------------+----------------+-----
Unarmed Combat | 4 5 6 |  6.3
Fighting       | |  2.1
Throwing       | |  1.7
Dodging        | |  2.6

Action                   |  1- 3 |  4- 6 || total
-------------------------+-------+-------++-------
Melee: Unarmed           |   105 |    76 ||   181
       Tailslap          |    14 |     4 ||    18
       Punch             |     5 |     1 ||     6
  Use: Scroll            |     2 |     1 ||     3
       Potion            |     1 |       ||     1
 Stab: Sleeping          |     1 |       ||     1
Armor: Skin              |    34 |    30 ||    64
Dodge: Dodged            |    68 |    46 ||   114
